 Dungeon Crawl Stone Soup version 0.19-a0-1008-g4c63d25 (webtiles) character file.

410 epen the Firebug (level 6, 0/50 HPs)
             Began as a Draconian Fire Elementalist on July 22, 2016.
             Slain by Pikel
             ... wielding a +1 whip of flaming
              (3 damage)
             ... on level 4 of the Dungeon.
             The game lasted 00:13:35 (5346 turns).

epen the Firebug (Draconian Fire Elementalist)      Turns: 5346, Time: 00:13:36

Health: 0/50       AC: 12    Str: 14 (15) XL:     6   Next: 58%
Magic:  4/10       EV: 12    Int: 15 (18) God:
Gold:   192        SH:  0    Dex: 10 (11) Spells: 4 memorised, 1 level left

rFire  . . .     SeeInvis .     t - +2 dagger (protect)
rCold  . . .     Gourm    .     (armour unavailable)
rNeg   . . .     Faith    .     (no shield)
rPois  .         Spirit   .     (helmet restricted)
rElec  .         Dismiss  .     (no cloak)
rCorr  .         Reflect  .     g - +0 pair of gloves
SustAt .         Harm     .     (no boots)
MR     .....                    (no amulet)
Stlth  +++.......               (no ring)
                                u - ring of stealth

@: mighty, not resistant to hostile enchantments, fairly stealthy
A: unfitting armour, big wings, deterioration 1, regeneration 1, cold-blooded,
AC +6
a: Fly


You were on level 4 of the Dungeon.
You were not hungry.

You visited 1 branch of the dungeon, and saw 4 of its levels.

You collected 192 gold pieces.

Inventory:

Hand Weapons
 k - a +0 dagger
 t - a +2 dagger of protection (weapon)
Armour
 g - a +0 pair of gloves (worn)
Jewellery
 u - a ring of stealth (left hand)
Scrolls
 c - a scroll of remove curse
 j - 8 scrolls of identify {unknown}
 o - a scroll of blinking {unknown}
 q - a scroll of teleportation {unknown}
 r - a scroll of magic mapping {unknown}
Potions
 d - a potion of curing
 e - 2 potions of ambrosia
 f - 3 potions of flight
 m - a potion of degeneration
Books
 a - a book of Flames

   Spells                             Type                      Level
   a - Flame Tongue                   Conjuration/Fire             1
   b - Throw Flame                    Conjuration/Fire             2
   c - Conjure Flame                  Conjuration/Fire             3
   d - Inner Flame                    Hexes/Fire                   3
   e - Sticky Flame                   Conjuration/Fire             4
   f - Fireball                       Conjuration/Fire             5
 p - a book of Misfortune

   Spells                             Type                      Level
   a - Confusing Touch                Hexes                        1
   b - Confuse                        Hexes                        3
   c - Gell's Gravitas                Hexes/Translocation          3
   d - Petrify                        Transmutation/Earth          4
   e - Metabolic Englaciation         Hexes/Ice                    5
   f - Yara's Violent Unravelling     Hexes/Transmutation          5
Comestibles
 b - 5 bread rations
 i - a beef jerky
 l - 2 meat rations


   Skills:
 + Level 2.8 Fighting
 + Level 2.6 Dodging
 - Level 1.7 Stealth
 + Level 2.7 Spellcasting
 * Level 3.9 Conjurations
 * Level 4.7 Fire Magic


You had one spell level left.
You knew the following spells:

 Your Spells              Type           Power        Failure   Level  Hunger
a - Flame Tongue          Conj/Fire      ###..        3%          1    #......
b - Throw Flame           Conj/Fire      ###...       6%          2    ##.....
c - Conjure Flame         Conj/Fire      ###.....     12%         3    ###....
d - Inner Flame           Hex/Fire       #.......     24%         3    ###....


Dungeon Overview and Level Annotations

Branches:
Dungeon (4/15)
 Temple: D:4-7

Altars:

Annotations:
D:4 Pikel


Innate Abilities, Weirdness & Mutations

Your plain brown scales are hard. (AC +6)
Your body does not fit into most forms of armour.
You are cold-blooded and may be slowed by cold attacks.
Your large and strong wings let you fly indefinitely.
Your body sometimes deteriorates upon taking damage.
Your natural rate of healing is unusually fast.


Message History

You puncture Pikel!
Your tail-slap misses Pikel.
Pikel is severely wounded.
Pikel hits you with a whip of flaming.
* * * LOW HITPOINT WARNING * * *
Pikel burns you.
* * * LOW HITPOINT WARNING * * *
You hit Pikel.
Pikel is severely wounded.
Pikel misses you.
Casting: Flame Tongue
Confirm with . or Enter, or press ? or * to list all spells.
Aiming: Flame Tongue
Press: ? - help, Shift-Dir - straight line, f/p - Pikel
Aim: Pikel, wielding a whip of flaming and wearing a runed robe (severely wounded)
The flame tongue misses Pikel.
The flame tongue hits the slave.
The slave is severely wounded.
Pikel hits you with a whip of flaming.
* * * LOW HITPOINT WARNING * * *
Pikel burns you.
You die...

#.#.###.#######
#.......
#>...##...p...#
#..#####
##.....#..####.# #.##
#...........##.# #.#
#......#.p#.##.# #.#
###.....##..#.##)# #.#
.....#.###..#.##.# #.#
###.##....).#.##.# #.#
###.#######.#.##@#
######.# ....# #.#.##K#
#...##.###### #####
#...##p####.#..........
#.............##.##.###
##.#.#.)<..[.....##รท#
#.##.#.###########.#
############.###..# #.#
#........[....###.# #.#
#.#########.......# #.#


You could see Pikel and a slave.

Vanquished Creatures
  3 slaves (D:4)
  A hound (D:4)
  A jelly (D:4)
  4 orc wizards
  A hound skeleton (D:4)
  5 gnolls
  A howler monkey skeleton (D:4)
  5 adders
  2 worms (D:4)
  A dart slug (D:3)
  3 giant geckos
  16 orcs
  A ball python (D:1)
  8 bats
  3 giant cockroaches
  12 goblins
  6 hobgoblins
  9 jackals
  4 kobolds
  6 giant newts
  8 rats
100 creatures vanquished.

Notes
Turn   | Place    | Note
-------+----------+-------------------------------------------
     0 | D:1      | epen the Draconian Fire Elementalist began the quest for the Orb.
     0 | D:1      | Reached XP level 1. HP: 14/14 MP: 3/3
   484 | D:1      | Reached XP level 2. HP: 20/20 MP: 5/5
   493 | D:1      | Learned a level 2 spell: Throw Flame
  1111 | D:2      | Reached XP level 3. HP: 20/26 MP: 0/6
  2140 | D:2      | Reached skill level 1 in Fighting
  2277 | D:3      | Reached XP level 4. HP: 25/35 MP: 4/7
  2768 | D:3      | Learned a level 3 spell: Conjure Flame
  3343 | D:4      | Noticed Pikel
  3343 | D:4      | Noticed a slave
  3343 | D:4      | Noticed a slave
  3343 | D:4      | Noticed a slave
  3343 | D:4      | Noticed a slave
  3374 | D:4      | Reached XP level 5. HP: 41/41 MP: 3/8
  3426 | D:3      | Reached skill level 4 in Fire Magic
  4197 | D:4      | Reached XP level 6. HP: 44/50 MP: 5/9
  4566 | D:4      | Learned a level 3 spell: Inner Flame
  4709 | D:4      | Killed a slave
  4720 | D:4      | Killed a slave
  4965 | D:4      | Killed a slave
  5282 | D:4      | Gained mutation: Your large and strong wings let you fly indefinitely. [potion of mutation]
  5282 | D:4      | Gained mutation: Your natural rate of healing is unusually fast. [potion of mutation]
  5282 | D:4      | Gained mutation: Your body sometimes deteriorates upon taking damage. [potion of mutation]
  5346 | D:4      | Slain by Pikel

Vault maps used:
D:1:      nagdon_arrival_double_spiral
D:2:      first_bread
D:3:      minmay_unequal
D:4:      lightli_sewer_entry_pipes, uniq_pikel

Skill      XL: |  1  2  3  4  5 |
---------------+----------------+-----
Conjurations   | 2 3 |  3.9
Dodging        | 2 |  2.6
Fighting       | 1 2 |  2.8
Fire Magic     | 4 |  4.7
Stealth        | |  1.7
Spellcasting   | |  2.7

Action                   |  1- 3 |  4- 6 || total
-------------------------+-------+-------++-------
Melee: Unarmed           |    34 |       ||    34
       Tailslap          |    15 |     8 ||    23
       Dagger            |   116 |    97 ||   213
 Cast: Flame Tongue      |    39 |   168 ||   207
       Throw Flame       |       |     2 ||     2
  Use: Potion            |     1 |     8 ||     9
       Scroll            |       |     2 ||     2
 Stab: Sleeping          |     4 |       ||     4
  Eat: Chunk             |     5 |    11 ||    16
Armor: Skin              |    65 |    71 ||   136
Dodge: Dodged            |   135 |   129 ||   264
